 Dungeon Crawl Stone Soup version 0.21.1-1-g345015fe64 (webtiles) character file.

7333 LilDood the Covert (level 10, -13/44 HPs)
             Began as a Spriggan Enchanter on July 1, 2018.
             Was an Elder of Dithmenos.
             Mangled by an orc warlord
             ... wielding a +6 scimitar of electrocution
              (30 damage)
             ... in a bailey.
             The game lasted 00:46:42 (11221 turns).

LilDood the Covert (Spriggan Enchanter)            Turns: 11221, Time: 00:46:42

Health: -13/44     AC:  3    Str:  4    XL:     10   Next: 90%
Magic:  7/23       EV: 27    Int: 20    God:    Dithmenos [****..]
Gold:   566        SH:  0    Dex: 17    Spells: 17/26 levels left

rFire    . . .     SeeInvis +   l - +0 dagger (elec)
rCold    . . .     Gourm    .   (shield restricted)
rNeg     . . .     Faith    .   b - +0 robe
rPois    .         Spirit   .   (helmet restricted)
rElec    .         Reflect  .   s - +0 cloak
rCorr    .         Harm     .   (gloves unavailable)
MR       +....                  (boots unavailable)
Stlth    ++++++++..             (no amulet)
HPRegen  0.14/turn              (no ring)
MPRegen  0.18/turn              (no ring)

@: wreathed by umbra, very quick
A: very small, unfitting armour, see invisible, herbivore, speed 3, slow
metabolism 2
a: Shadow Step, Renounce Religion


You were in a bailey.
You worshipped Dithmenos.
Dithmenos was greatly pleased with you.
You were near starving.

You visited 2 branches of the dungeon, and saw 10 of its levels.
You also visited: Bailey.

You collected 566 gold pieces.

Inventory:

Hand Weapons
 a - a +1 dagger
 l - a +0 dagger of electrocution (weapon)
Armour
 b - a +0 robe (worn)
 s - a +0 cloak (worn)
Jewellery
 p - an uncursed ring of fire {unknown}
 y - an uncursed ring of flight {unknown}
 J - a +3 ring of strength {unknown}
Wands
 w - a wand of random effects (16)
Scrolls
 e - 5 scrolls of enchant weapon {unknown}
 h - 2 scrolls of fear {unknown}
 j - 14 scrolls of identify {unknown}
 k - 7 scrolls of teleportation {unknown}
 m - a scroll of immolation {unknown}
 o - a scroll of remove curse {unknown}
 r - 2 scrolls of blinking {unknown}
 t - 2 scrolls of enchant armour {unknown}
 u - 2 scrolls of magic mapping {unknown}
 B - a scroll of silence {unknown}
 D - a scroll of vulnerability {unknown}
 G - a scroll of brand weapon {unknown}
 K - a scroll of acquirement {unknown}
Potions
 d - 2 potions of magic {unknown}
 f - 2 potions of lignification {unknown}
 g - 7 potions of curing {unknown}
 i - a potion of degeneration {unknown}
 n - a potion of might {unknown}
 q - a potion of flight {unknown}
 x - a potion of cancellation {unknown}
 z - a potion of berserk rage {unknown}
 C - a potion of agility {unknown}
 E - a potion of heal wounds {unknown}
 F - a potion of mutation {unknown}
 H - 2 potions of brilliance {unknown}
 I - a potion of resistance {unknown}
Books
 c - a book of Maledictions

   Spells                             Type                      Level
   a - Corona                         Hexes                        1
   b - Ensorcelled Hibernation        Hexes/Ice                    2
   c - Confuse                        Hexes                        3
   d - Tukima's Dance                 Hexes                        3
   e - Dazzling Spray                 Conjuration/Hexes            3
 A - a book of Misfortune

   Spells                             Type                      Level
   a - Confusing Touch                Hexes                        1
   b - Confuse                        Hexes                        3
   c - Gell's Gravitas                Translocation                3
   d - Petrify                        Transmutation/Earth          4
   e - Metabolic Englaciation         Hexes/Ice                    5
   f - Yara's Violent Unravelling     Hexes/Transmutation          5
Comestibles
 v - 5 rations


   Skills:
 - Level 1.1 Short Blades
 + Level 11.7 Dodging
 + Level 12.8 Stealth
 - Level 8.5 Spellcasting
 * Level 12.6 Hexes


You had 17 spell levels left.
You knew the following spells:

 Your Spells              Type           Power        Failure   Level  Hunger
a - Corona                Hex            ######.      1%          1    None
b - Ensorcelled Hibernat  Hex/Ice        ####..       1%          2    None
c - Confuse               Hex            ######..     1%          3    None
d - Dazzling Spray        Conj/Hex       ####..       1%          3    None


Dungeon Overview and Level Annotations

Branches:
Dungeon (9/15)             Temple (1/1) D:4
   Lair: D:8-11         Orc: D:9-12

Altars:
Ashenzari
Cheibriados
Dithmenos
Elyvilon
Fedhas
Gozag
Hepliaklqana
Kikubaaqudgha
Makhleb
Nemelex Xobeh
Okawaru
Qazlal
Ru
Sif Muna
Trog
Uskayaw
Vehumet
Wu Jian
Xom
Yredelemnul
Zin
The Shining One

Shops:
D:7 (

Annotations:
D:5 Eustachio, Ijyb


Innate Abilities, Weirdness & Mutations

You are very small and have problems with some larger weapons.
You are too small for most types of armour.
You have supernaturally acute eyesight. (SInv)
You are a herbivore.
You cover ground extremely quickly.
You need consume almost no food.


Message History

You hit the orc warlord but do no damage.
The orc warlord is almost dead.
Your shadow hits the orc warlord but does no damage.
The orc warlord is no longer blind.
Casting: Ensorcelled Hibernation
Confirm with . or Enter, or press ? or * to list all spells.
Aiming: Ensorcelled Hibernation
Press: ? - help, Shift-Dir - straight line, f/p - orc warlord
Aim: an orc warlord, wielding a scimitar of electrocution and wearing a glowing chain mail (almost dead, confused, umbra, chance to defeat MR: 27%)
The orc warlord resists with almost no effort.
The orc warlord seems less confused.
Casting: Ensorcelled Hibernation
Confirm with . or Enter, or press ? or * to list all spells.
Aiming: Ensorcelled Hibernation
Press: ? - help, Shift-Dir - straight line, f/p - orc warlord
Aim: an orc warlord, wielding a scimitar of electrocution and wearing a glowing chain mail (almost dead, umbra, chance to defeat MR: 27%)
The orc warlord resists with almost no effort.
The orc warlord hits you with a scimitar of electrocution!!
Ouch! That really hurt!
You die...

##....)..##.......#
#...)...#.........
##.).).##.........
##)####..........
##.....##.........
#.......#.........
##.......##....)..#
#.o.......#....)..#
##.@.......###...###
#.....).....###'###.
##.........##88)88##
#.........#.......#
##.......##.......#
#.......)........)
##..)..##.......).
#######.....⌠....
##.........


You could see an orc warlord.

Vanquished Creatures
  A two-headed ogre (D:9)
  3 orc knights (Bailey)
  A troll (D:9)
  Prince Ribbit (D:6)
  A hippogriff (D:9)
  A wyvern (D:9)
  Grum (D:8)
  A soldier ant (D:7)
  12 orc warriors (Bailey)
  A necrophage (D:5)
  3 ogres
  2 ice beasts
  A phantom (D:7)
  4 wolves
  5 centaurs
  3 bullfrogs
  A gnoll sergeant (D:9)
  3 scorpions
  5 killer bees
  5 wights (D:6)
  5 howler monkeys
  4 crimson imps
  7 hounds
  A jelly (D:7)
  A bullfrog skeleton (D:8)
  Crazy Yiuf (D:2)
  An iguana (D:4)
  3 orc wizards
  3 worker ants
  2 worker ant zombies
  Robin (D:2)
  9 gnolls
  8 adders
  A shadow imp (D:7)
  An ooze (D:1)
  3 worms
  4 dart slugs
  4 leopard geckos
  22 orcs
  11 bats
  2 giant cockroaches
  30 goblins
  30 hobgoblins
  19 jackals
  7 kobolds
  4 quokkas
  2 ball pythons
  3 frilled lizards
  A jackal skeleton (D:4)
245 creatures vanquished.

Notes
Turn   | Place    | Note
-------+----------+-------------------------------------------
     0 | D:1      | LilDood the Spriggan Enchanter began the quest for the Orb.
     0 | D:1      | Reached XP level 1. HP: 9/9 MP: 5/5
   256 | D:1      | Reached XP level 2. HP: 13/13 MP: 6/6
   428 | D:1      | Learned a level 2 spell: Ensorcelled Hibernation
   955 | D:1      | Reached skill level 5 in Stealth
   987 | D:1      | Reached XP level 3. HP: 16/16 MP: 1/8
  1738 | D:2      | Learned a level 3 spell: Confuse
  2046 | D:2      | Noticed Robin
  2450 | D:2      | Killed Robin
  2450 | D:2      | Reached skill level 5 in Hexes
  2450 | D:2      | Reached XP level 4. HP: 21/21 MP: 6/9
  3073 | D:2      | Found a runed door.
  3240 | D:2      | Noticed Crazy Yiuf
  3244 | D:2      | Killed Crazy Yiuf
  3244 | D:2      | Reached XP level 5. HP: 24/24 MP: 10/10
  3354 | D:3      | You fall through a shaft for 2 floors!
  3354 | D:5      | Entered Level 5 of the Dungeon
  3354 | D:5      | Noticed a centaur
  3354 | D:5      | Noticed an ice beast
  3354 | D:5      | Noticed a centaur
  3688 | D:4      | Found a bloodstained altar of Trog.
  3731 | D:4      | Reached skill level 5 in Dodging
  3749 | D:4      | Reached XP level 6. HP: 28/28 MP: 1/11
  3846 | D:4      | Found a staircase to the Ecumenical Temple.
  4089 | Temple   | Entered the Ecumenical Temple
  4274 | Temple   | Became a worshipper of Dithmenos the Shadowed
  4409 | D:5      | Noticed Eustachio
  4449 | D:5      | Reached XP level 7. HP: 23/32 MP: 5/13
  4928 | D:5      | Noticed Ijyb
  5487 | D:6      | Reached skill level 5 in Spellcasting
  5607 | D:6      | Found a sacrificial altar of Ru.
  5640 | D:6      | Noticed Prince Ribbit
  5727 | D:6      | Killed Prince Ribbit
  5727 | D:6      | Reached XP level 8. HP: 36/36 MP: 10/17
  6123 | D:6      | Reached * piety under Dithmenos
  7044 | D:7      | Found Selomne's Weapon Shop.
  7420 | D:7      | Reached XP level 9. HP: 20/39 MP: 16/21
  7861 | D:8      | Noticed Grum
  8031 | D:8      | Reached skill level 10 in Stealth
  8078 | D:8      | Reached ** piety under Dithmenos
  8266 | D:8      | Learned a level 3 spell: Dazzling Spray
  8432 | D:8      | Killed Grum
  8709 | D:9      | Noticed a troll
  8713 | D:9      | Killed a troll
  8713 | D:9      | Reached skill level 10 in Hexes
  8979 | D:9      | Reached skill level 10 in Dodging
  9129 | D:9      | Reached XP level 10. HP: 44/44 MP: 20/23
  9145 | D:9      | Noticed a two-headed ogre
  9164 | D:9      | Killed a two-headed ogre
  9467 | D:9      | Found a flagged portal.
  9478 | Bailey   | Entered a bailey
  9559 | Bailey   | Reached *** piety under Dithmenos
  9897 | Bailey   | Noticed an orc knight
 10330 | Bailey   | Killed an orc knight
 10591 | Bailey   | Reached **** piety under Dithmenos
 10679 | Bailey   | Noticed an orc warlord
 10679 | Bailey   | Noticed an orc knight
 10679 | Bailey   | Noticed an orc knight
 10790 | Bailey   | Killed an orc knight
 11026 | Bailey   | Killed an orc knight
 11221 | Bailey   | Mangled by an orc warlord

Skill      XL: |  1  2  3  4  5  6  7  8  9 10 |
---------------+-------------------------------+-----
Hexes          | 4 5 6 7 8 10 12 | 12.6
Stealth        | 5 6 7 8 9 11 12 | 12.8
Dodging        | 4 5 7 8 10 11 | 11.7
Spellcasting   | 3 5 7 8 |  8.5
Short Blades   | |  1.1

Action                   |  1- 3 |  4- 6 |  7- 9 | 10-12 || total
-------------------------+-------+-------+-------+-------++-------
Melee: Dagger            |   106 |    65 |   131 |   141 ||   443
 Cast: Corona            |     1 |       |       |       ||     1
       Ensorcelled Hiber |    39 |    33 |    75 |    91 ||   238
       Confuse           |     3 |     2 |    24 |    11 ||    40
       Dazzling Spray    |       |       |     1 |    15 ||    16
 Stab: Sleeping          |    23 |    34 |    60 |    56 ||   173
       Confused          |     2 |     2 |    12 |     8 ||    24
       Distracted        |       |     1 |     4 |     4 ||     9
       Invisible         |       |       |       |     2 ||     2
  Eat: Ration            |     1 |     2 |     2 |     1 ||     6
Armor: Robe              |    13 |       |     6 |       ||    19
Dodge: Dodged            |   153 |    42 |   160 |   111 ||   466
